PBL
COLORADO AVALANCHE @ KELOWNA HEAT
06/09/2044
 
TOP OF THE 1ST
Colorado Avalanche batting - Pitching for Kelowna Heat : RHP Pat Wiggins
Pitching: RHP Pat Wiggins
Batting: RHB Matviy Oliynyk 0-0: Called Strike
0-1: Fly out, F2 (Popup, 2RF, EV 83.8 MPH)
Batting: LHB Paul McClintock 0-0: Called Strike
0-1: Fly out, F8 (Flyball, 89M, EV 85.6 MPH)
Batting: SHB Jamie Mims 0-0: Called Strike
0-1: Swinging Strike
0-2: Foul Ball, location: 2F
0-2: Foul Ball, location: 2F
0-2: Ball
1-2: Ball
2-2: Foul Ball, location: 2F
2-2: Ball
3-2: Strikes out swinging
Top of the 1st over - 0 runs, 0 hits, 0 errors, 0 left on base; Colorado 0 - Kelowna 0
BOTTOM OF THE 1ST
Kelowna Heat batting - Pitching for Colorado Avalanche : RHP Zach Sommer
Pitching: RHP Zach Sommer
Batting: RHB Frank Pena 0-0: Foul Ball, location: 2F
0-1: SINGLE (Flyball, 89S, EV 91.9 MPH)
Batting: RHB Malik Sharpless 0-0: Called Strike
0-1: Ball
1-1: Called Strike
1-2: Grounds into double play, 5-4-3 (Groundball, 5, EV 105.6 MPH)
Batting: LHB Steve Nevis 0-0: Called Strike
0-1: Ball
1-1: Called Strike
1-2: Foul Ball, location: 2F
1-2: Fly out, F6 (Line Drive, 6, EV 69.4 MPH)
Bottom of the 1st over - 0 runs, 1 hit, 0 errors, 0 left on base; Colorado 0 - Kelowna 0
TOP OF THE 2ND
Colorado Avalanche batting - Pitching for Kelowna Heat : RHP Pat Wiggins
Batting: RHB Ray Insley 0-0: Ball
1-0: Called Strike
1-1: Ball
2-1: Ground out 6-3 (Groundball, 6, EV 80.6 MPH)
Batting: RHB Ryan Ward 0-0: Ground out 6-3 (Groundball, 6, EV 81.3 MPH)
Batting: LHB Georges Lambert 0-0: Ball
1-0: Ground out 4-3 (Groundball, 4, EV 104.4 MPH)
Top of the 2nd over - 0 runs, 0 hits, 0 errors, 0 left on base; Colorado 0 - Kelowna 0
BOTTOM OF THE 2ND
Kelowna Heat batting - Pitching for Colorado Avalanche : RHP Zach Sommer
Batting: RHB Billy Pranger 0-0: Ball
1-0: Called Strike
1-1: SINGLE (Line Drive, 9LS, EV 106.3 MPH)
Batting: LHB Chris West 0-0: Ground out 5-3 (Groundball, 6S, EV 62.5 MPH)
Billy Pranger to second
Batting: LHB Takaaki Nishimoto 0-0: Ground out U3 (Groundball, 34S, EV 86.3 MPH)
Billy Pranger to third
Batting: RHB Josh Truell 0-0: Foul Ball, location: 2F
0-1: Ball
1-1: Ball
2-1: Ball
3-1: Called Strike
3-2: Foul Ball, location: 2F
3-2: Base on Balls
Batting: RHB Miguel Gonzalez 0-0: SINGLE (Groundball, 5S, EV 66.9 MPH) (infield hit)
Billy Pranger scores
Josh Truell to second
Batting: RHB Bob Schweiger 0-0: Ball
1-0: Called Strike
1-1: Ball
2-1: Fielders Choice at 2nd, 6-4 (Groundball, 6, EV 83.8 MPH)
Bottom of the 2nd over - 1 run, 2 hits, 0 errors, 2 left on base; Colorado 0 - Kelowna 1
TOP OF THE 3RD
Colorado Avalanche batting - Pitching for Kelowna Heat : RHP Pat Wiggins
Batting: RHB Manny Thompson 0-0: SINGLE (Flyball, 6MD, EV 90.0 MPH)
Batting: RHB Maurice Moore 0-0: Swinging Strike
0-1: Ball
1-1: SINGLE (Groundball, 6MD, EV 96.9 MPH)
Manny Thompson to second
Batting: SHB Craig Ruzic 0-0: SINGLE (Flyball, 7, EV 81.9 MPH)
Manny Thompson to third
Maurice Moore to second
Batting: RHB Matviy Oliynyk 0-0: Ball
1-0: Ball
2-0: Called Strike
2-1: Foul Ball, location: 2F
2-2: Fly out, F4 (Popup, 4, EV 63.1 MPH)
Batting: LHB Paul McClintock 0-0: Called Strike
0-1: Foul Ball, location: 2F
0-2: Strikes out swinging
Batting: SHB Jamie Mims 0-0: Ball
1-0: Ball
2-0: Called Strike
2-1: Ball
3-1: Ground out 4-3 (Groundball, 4, EV 86.9 MPH)
Top of the 3rd over - 0 runs, 3 hits, 0 errors, 3 left on base; Colorado 0 - Kelowna 1
BOTTOM OF THE 3RD
Kelowna Heat batting - Pitching for Colorado Avalanche : RHP Zach Sommer
Batting: RHB Frank Pena 0-0: Ball
1-0: Called Strike
1-1: DOUBLE (Line Drive, 9LD, EV 111.9 MPH)
Batting: RHB Malik Sharpless 0-0: Called Strike
0-1: Ground out 5-3 (Groundball, 25, EV 85.0 MPH)
Batting: LHB Steve Nevis 0-0: Fly out, F6 (Line Drive, 6, EV 63.1 MPH)
Batting: RHB Billy Pranger 0-0: Called Strike
0-1: Foul Ball, location: 2F
0-2: Ball
1-2: Ball
2-2: Foul Ball, location: 2F
2-2: Strikes out swinging
Bottom of the 3rd over - 0 runs, 1 hit, 0 errors, 1 left on base; Colorado 0 - Kelowna 1
TOP OF THE 4TH
Colorado Avalanche batting - Pitching for Kelowna Heat : RHP Pat Wiggins
Batting: RHB Ray Insley 0-0: Called Strike
0-1: SINGLE (Line Drive, 78S, EV 104.4 MPH)
Batting: RHB Ryan Ward 0-0: Ball
1-0: Foul Ball, location: 2F
1-1: Fielders Choice at 2nd, 6-4 (Groundball, 56, EV 80.0 MPH)
Batting: LHB Georges Lambert 0-0: Foul Ball, location: 2F
0-1: Called Strike
0-2: Fly out, F9 (Flyball, 9, EV 88.8 MPH)
Batting: RHB Manny Thompson 0-0: Swinging Strike
0-1: Ball
1-1: Ball
2-1: Ball
3-1: Foul Ball, location: 2F
3-2: Strikes out swinging
Top of the 4th over - 0 runs, 1 hit, 0 errors, 1 left on base; Colorado 0 - Kelowna 1
BOTTOM OF THE 4TH
Kelowna Heat batting - Pitching for Colorado Avalanche : RHP Zach Sommer
Batting: LHB Chris West 0-0: Ball
1-0: Called Strike
1-1: TRIPLE (Line Drive, 89XD, EV 107.5 MPH)
Batting: LHB Takaaki Nishimoto 0-0: DOUBLE (Flyball, 8RXD, EV 100.0 MPH)
Chris West scores
Batting: RHB Josh Truell 0-0: Ball
1-0: Swinging Strike
1-1: Ball
2-1: Called Strike
2-2: Ball
Wild Pitch!
Takaaki Nishimoto to third
3-2: Base on Balls
Batting: RHB Miguel Gonzalez 0-0: Ball
1-0: Foul Ball, location: 2F
1-1: Ball
2-1: Foul Ball, location: 2F
2-2: Foul Ball, location: 2F
2-2: Foul Ball, location: 2F
2-2: Foul Ball, location: 2F
2-2: SINGLE (Flyball, 4MD, EV 90.0 MPH)
Takaaki Nishimoto scores
Josh Truell to second
Batting: RHB Bob Schweiger 0-0: Ball
1-0: Swinging Strike
1-1: DOUBLE (Line Drive, 78M, EV 95.6 MPH)
Josh Truell scores
Miguel Gonzalez to third
Runner from 3rd tries for Home, SAFE, no throw by LF
Pitching: RHP Chris Kinder
Batting: RHB Frank Pena 0-0: Called Strike
0-1: Foul Ball, location: 2F
0-2: SINGLE (Flyball, 4D, EV 89.4 MPH)
Bob Schweiger to third
Batting: RHB Malik Sharpless 0-0: Ball
Balk!
Bob Schweiger scores
Frank Pena to second
1-0: Ball
2-0: Ball
3-0: Called Strike
3-1: SINGLE (Line Drive, 78S, EV 89.4 MPH)
Frank Pena to third
Batting: LHB Steve Nevis 0-0: Called Strike
Malik Sharpless steals 2nd base
0-1: Foul Ball, location: 2F
0-2: TRIPLE (Flyball, 9D, EV 107.5 MPH)
Frank Pena scores
Malik Sharpless scores
Batting: RHB Billy Pranger 0-0: Ball
1-0: Called Strike
1-1: Ball
2-1: 2-RUN HOME RUN (Flyball, 8LXD, EV 116.3 MPH), Distance : 456 ft
Pitching: RHP Justin Garrett
Batting: LHB Chris West 0-0: Hit by Pitch
Batting: LHB Takaaki Nishimoto 0-0: Ball
1-0: Ball
2-0: Ball
3-0: Called Strike
3-1: Fly out, F7 (Flyball, 7LS, EV 86.9 MPH)
Batting: RHB Josh Truell 0-0: Ball
1-0: Ball
2-0: Foul Ball, location: 2F
2-1: Ball
Wild Pitch!
Chris West to second
3-1: Called Strike
3-2: Ground out 5-3 (Groundball, 56, EV 83.8 MPH)
Batting: RHB Miguel Gonzalez 0-0: Swinging Strike
0-1: Ball
1-1: Ball
2-1: Ball
3-1: Base on Balls
Batting: RHB Bob Schweiger 0-0: Called Strike
0-1: Ball
1-1: Ball
2-1: Foul Ball, location: 2F
2-2: Fly out, F8 (Line Drive, 8LM, EV 91.3 MPH)
Bottom of the 4th over - 9 runs, 8 hits, 0 errors, 2 left on base; Colorado 0 - Kelowna 10
TOP OF THE 5TH
Colorado Avalanche batting - Pitching for Kelowna Heat : RHP Pat Wiggins
Batting: RHB Maurice Moore 0-0: Swinging Strike
0-1: Ball
1-1: Ball
2-1: Called Strike
2-2: Strikes out swinging
Batting: SHB Craig Ruzic 0-0: Ball
1-0: DOUBLE (Flyball, 7LM, EV 102.5 MPH)
Batting: RHB Matviy Oliynyk 0-0: Ball
1-0: Ball
2-0: Ground out 6-3 (Groundball, 6, EV 86.9 MPH)
Batting: LHB Paul McClintock 0-0: Called Strike
0-1: Swinging Strike
0-2: Strikes out swinging
Top of the 5th over - 0 runs, 1 hit, 0 errors, 1 left on base; Colorado 0 - Kelowna 10
BOTTOM OF THE 5TH
Kelowna Heat batting - Pitching for Colorado Avalanche : RHP Justin Garrett
Batting: RHB Frank Pena 0-0: Ball
1-0: Ball
2-0: Fly out, F9 (Flyball, 9, EV 81.3 MPH)
Batting: RHB Malik Sharpless 0-0: Ball
1-0: Ball
2-0: Ball
3-0: Called Strike
3-1: SINGLE (Groundball, 4MS, EV 70.0 MPH) (infield hit)
Batting: LHB Steve Nevis 0-0: Ball
1-0: Ball
2-0: Called Strike
2-1: Ball
3-1: Base on Balls
Malik Sharpless to second
Batting: RHB Billy Pranger 0-0: Ball
1-0: Fly out, F8 (Flyball, 78D, EV 94.4 MPH)
Batting: LHB Chris West 0-0: Ground out U3 (Groundball, 34S, EV 80.0 MPH)
Bottom of the 5th over - 0 runs, 1 hit, 0 errors, 2 left on base; Colorado 0 - Kelowna 10
TOP OF THE 6TH
Colorado Avalanche batting - Pitching for Kelowna Heat : RHP Pat Wiggins
Batting: SHB Jamie Mims 0-0: Ball
1-0: Ground out 4-3 (Groundball, 4, EV 108.1 MPH)
Batting: RHB Ray Insley 0-0: Ball
1-0: Called Strike
1-1: Ball
2-1: Foul Ball, location: 2F
2-2: Foul Ball, location: 2F
2-2: Fly out, F7 (Flyball, 7LM, EV 87.5 MPH)
Batting: RHB Ryan Ward 0-0: Ball
1-0: Foul Ball, location: 2F
1-1: Ball
2-1: Foul Ball, location: 2F
2-2: Ball
3-2: SINGLE (Line Drive, 89S, EV 98.1 MPH)
Batting: LHB Georges Lambert 0-0: Called Strike
0-1: Ball
1-1: Swinging Strike
1-2: DOUBLE (Flyball, 9LD, EV 110.6 MPH)
Ryan Ward to third
Runner from 3rd tries for Home, SAFE, throw by RF to home
Pitching: RHP Rory Bornt
Batting: RHB Manny Thompson 0-0: Ball
1-0: Swinging Strike
1-1: Ground out U3 (Groundball, 34S, EV 88.8 MPH)
Top of the 6th over - 1 run, 2 hits, 0 errors, 1 left on base; Colorado 1 - Kelowna 10
BOTTOM OF THE 6TH
Kelowna Heat batting - Pitching for Colorado Avalanche : RHP Justin Garrett
Batting: LHB Takaaki Nishimoto 0-0: Called Strike
0-1: Ball
1-1: Ball
2-1: Ball
3-1: Base on Balls
Batting: RHB Josh Truell 0-0: Ball
1-0: Called Strike
Balk!
Takaaki Nishimoto to second
1-1: Foul Ball, location: 2F
1-2: SINGLE (Groundball, 15S, EV 70.6 MPH) (infield hit)
Takaaki Nishimoto to third
Batting: RHB Miguel Gonzalez 0-0: Ball
1-0: Ball
2-0: Ball
3-0: Base on Balls
Josh Truell to second
Batting: RHB Bob Schweiger 0-0: Ground out U3 (Groundball, 3S, EV 77.5 MPH)
Takaaki Nishimoto scores
Josh Truell to third
Miguel Gonzalez to second
Pitching: RHP Justin Jackson
Batting: RHB Frank Pena 0-0: Swinging Strike
0-1: Ball
1-1: Foul Ball, location: 2F
1-2: Hit by Pitch
Batting: RHB Malik Sharpless 0-0: Grounds into double play, 5-4-3 (Groundball, 5, EV 80.0 MPH)
Bottom of the 6th over - 1 run, 1 hit, 0 errors, 2 left on base; Colorado 1 - Kelowna 11
TOP OF THE 7TH
Colorado Avalanche batting - Pitching for Kelowna Heat : RHP Rory Bornt
Batting: RHB Maurice Moore 0-0: Called Strike
0-1: Fly out, F7 (Line Drive, 7D, EV 93.8 MPH)
Batting: SHB Craig Ruzic 0-0: Ball
1-0: Ball
2-0: Foul Ball, location: 2F
2-1: Swinging Strike
2-2: Strikes out swinging
Batting: RHB Matviy Oliynyk 0-0: Called Strike
0-1: Ground out 6-3 (Groundball, 6, EV 95.6 MPH)
Top of the 7th over - 0 runs, 0 hits, 0 errors, 0 left on base; Colorado 1 - Kelowna 11
BOTTOM OF THE 7TH
Kelowna Heat batting - Pitching for Colorado Avalanche : RHP Justin Jackson
Batting: LHB Steve Nevis 0-0: Called Strike
0-1: Foul Ball, location: 2F
0-2: Foul Ball, location: 2F
0-2: Ball
1-2: Foul Ball, location: 2F
1-2: Ground out 3-1 (Groundball, 34, EV 87.5 MPH)
Batting: RHB Billy Pranger 0-0: DOUBLE (Line Drive, 89M, EV 100.0 MPH)
Batting: LHB Chris West 0-0: Called Strike
Balk!
Billy Pranger to third
0-1: Ground out 4-3 (Groundball, 4, EV 108.1 MPH)
Billy Pranger scores
Batting: LHB Takaaki Nishimoto 0-0: Ball
1-0: Ball
2-0: Ball
3-0: Called Strike
3-1: Base on Balls
Batting: RHB Josh Truell 0-0: Ball
Wild Pitch!
Takaaki Nishimoto to second
1-0: Foul Ball, location: 2F
1-1: Ball
2-1: Called Strike
2-2: Ball
3-2: Base on Balls
Batting: RHB Miguel Gonzalez 0-0: Ball
1-0: Ball
Passed Ball!
Takaaki Nishimoto to third
Josh Truell to second
2-0: Swinging Strike
2-1: Foul Ball, location: 2F
2-2: Strikes out swinging
Bottom of the 7th over - 1 run, 1 hit, 0 errors, 2 left on base; Colorado 1 - Kelowna 12
TOP OF THE 8TH
Colorado Avalanche batting - Pitching for Kelowna Heat : RHP Rory Bornt
Batting: LHB Paul McClintock 0-0: Ground out 6-3 (Groundball, 6, EV 85.6 MPH)
Pinch Hitting: RHB Josh Lofgreen 0-0: Ball
1-0: Ball
2-0: Fly out, F9 (Flyball, 9LD, EV 84.4 MPH)
Batting: RHB Ray Insley 0-0: DOUBLE (Flyball, 78XD, EV 96.9 MPH)
Batting: RHB Ryan Ward 0-0: Called Strike
0-1: Swinging Strike
0-2: Ball
1-2: Strikes out swinging
Top of the 8th over - 0 runs, 1 hit, 0 errors, 1 left on base; Colorado 1 - Kelowna 12
BOTTOM OF THE 8TH
Kelowna Heat batting - Pitching for Colorado Avalanche : RHP Justin Jackson
Now in CF: Clayton Saunders
Batting: RHB Bob Schweiger 0-0: Called Strike
0-1: Fly out, F1 (Popup, P, EV 87.5 MPH)
Batting: RHB Frank Pena 0-0: Fly out, F7 (Line Drive, 78S, EV 99.4 MPH)
Batting: RHB Malik Sharpless 0-0: Ball
1-0: TRIPLE (Flyball, 78XD, EV 101.9 MPH)
Batting: LHB Steve Nevis 0-0: Ball
1-0: Called Strike
1-1: Swinging Strike
1-2: Strikes out looking
Bottom of the 8th over - 0 runs, 1 hit, 0 errors, 1 left on base; Colorado 1 - Kelowna 12
TOP OF THE 9TH
Colorado Avalanche batting - Pitching for Kelowna Heat : RHP Rory Bornt
Batting: LHB Georges Lambert 0-0: Ball
1-0: Ground out 4-3 (Groundball, 34, EV 91.9 MPH)
Batting: RHB Manny Thompson 0-0: Ball
1-0: Swinging Strike
1-1: Ground out 6-3 (Groundball, 6M, EV 84.4 MPH)
Batting: RHB Maurice Moore 0-0: Called Strike
0-1: Swinging Strike
0-2: Ball
1-2: Foul Ball, location: 2F
1-2: Strikes out swinging
Top of the 9th over - 0 runs, 0 hits, 0 errors, 0 left on base; Colorado 1 - Kelowna 12
Thursday, March 31st , 2022 - OOTP Baseball 22.12 Build 89